 Dungeon Crawl Stone Soup version 0.20.0-15-g7f486f2 (webtiles) character file.

90 Gargoyl the Skirmisher (level 4, -10/40 HPs)
             Began as a Draconian Abyssal Knight on June 20, 2017.
             Was a Believer of Lugonu.
             Mangled by Edmund
             ... wielding a +0 flail of distortion
              (11 damage)
             ... on level 4 of the Dungeon.
             The game lasted 00:03:32 (2119 turns).

Gargoyl the Skirmisher (Draconian Abyssal Knight)   Turns: 2119, Time: 00:03:32

Health: -10/40     AC:  5    Str: 14    XL:     4   Next: 32%
Magic:  5/5        EV: 15    Int: 13    God:    Lugonu [**....]
Gold:   117        SH:  0    Dex: 11    Spells: 3/3 levels left

rFire    . . .     SeeInvis .   a - +2 hand axe
rCold    . . .     Gourm    .   (no shield)
rNeg     . . .     Faith    .   (armour unavailable)
rPois    .         Spirit   .   (helmet restricted)
rElec    .         Reflect  .   (no cloak)
rCorr    .         Harm     .   (no gloves)
MR       .....                  (no boots)
Stlth    ++........             (no amulet)
Regen    0.2/turn               f - +2 ring of evasion
MPRegen  0.1/turn               (no ring)

@: no status effects
A: unfitting armour, cold-blooded, AC +5
a: Depart the Abyss, Bend Space, Renounce Religion


You were on level 4 of the Dungeon.
You worshipped Lugonu.
Lugonu was pleased with you.
You were not hungry.

You visited 1 branch of the dungeon, and saw 4 of its levels.
You visited the Abyss 1 time.

You collected 117 gold pieces.

Inventory:

Hand Weapons
 a - a +2 hand axe (weapon)
Jewellery
 f - a +2 ring of evasion (left hand)
Scrolls
 e - 3 scrolls of teleportation
 h - a scroll of remove curse
Potions
 c - 2 potions of heal wounds {unknown}
 d - a potion of brilliance {unknown}
 g - 2 potions of mutation {unknown}
 i - a potion of curing {unknown}
 j - 2 potions of agility {unknown}
 k - a potion of cancellation {unknown}
 l - a potion of lignification {unknown}
Comestibles
 b - 2 bread rations
 m - 4 chunks of flesh


   Skills:
 + Level 4.1 Fighting
 + Level 2.6 Axes
 * Level 2.9 Dodging
 * Level 1.3 Stealth
 * Level 2.3 Invocations


You had 3 spell levels left.
You didn't know any spells.

Dungeon Overview and Level Annotations

Branches:
Dungeon (4/15)
 Temple: D:4-7

Altars:
Makhleb

Annotations:
D:3 Darkins's ghost, amateur HuGl
D:4 Edmund


Innate Abilities, Weirdness & Mutations

Your plain brown scales are hard. (AC +5)
You cannot fit into any form of body armour.
You are cold-blooded and may be slowed by cold attacks.


Message History

HP restored.
n - a scroll labeled POANOT OFYDDU
As you read the scroll labeled HOKHLA REAXAI, it crumbles to dust.
You feel blessed for a moment.
It was a scroll of remove curse.
As you read the scroll labeled POANOT OFYDDU, it crumbles to dust.
It is a scroll of identify.
f - a +2 ring of evasion
f - a +2 ring of evasion (left hand) Edmund the Younger comes into view.
He is wielding a flail of distortion.
Edmund drinks a potion.
Edmund flickers and vanishes!
Deactivating autopickup; reactivate with Ctrl-A.
You closely miss something. Something hits you but does no damage.
Space bends around you.
You hit something. Something hits you. Space warps horribly around you!
You closely miss something. Something hits you.
* * * LOW HITPOINT WARNING * * *
Space warps horribly around you!
* * * LOW HITPOINT WARNING * * *
You hit something. Something hits you!
You die...

############
#..........#
#..........##
#.......(...#
#...........#
#...........#
.......
#......<.)..#
.......
#.......))..#
.......
#..........@#
.......
###########.#
....... #.#
.......
#.##......#
#.........#
####......#
......+
......#
#######


There were no monsters in sight!

Vanquished Creatures
  A gnoll (D:1)
  2 adders
  2 leopard geckos
  5 orcs (D:4)
  8 bats
  2 giant cockroaches (D:1)
  5 goblins
  8 hobgoblins
  6 jackals
  3 quokkas
  4 frilled lizards
  2 kobolds (D:1)
  4 rats
52 creatures vanquished.

Notes
Turn   | Place    | Note
-------+----------+-------------------------------------------
     0 | Abyss:1  | Gargoyl the Draconian Abyssal Knight began the quest for the Orb.
     0 | Abyss:1  | Reached XP level 1. HP: 19/19 MP: 2/2
    96 | Abyss:1  | Noticed a wretched star
    96 | D:1      | Escaped the Abyss
   164 | D:1      | Reached * piety under Lugonu
   274 | D:1      | Reached XP level 2. HP: 25/26 MP: 3/3
   367 | D:1      | Reached skill level 1 in Stealth
   647 | D:1      | Reached XP level 3. HP: 28/33 MP: 4/4
   726 | D:1      | Reached skill level 4 in Fighting
  1117 | D:2      | Reached ** piety under Lugonu
  1492 | D:2      | Found a burning altar of Makhleb.
  1492 | D:2      | Noticed a blizzard demon
  1495 | D:2      | Noticed an orange demon
  1495 | D:2      | Noticed a hellwing
  1594 | D:3      | Reached XP level 4. HP: 28/40 MP: 5/5
  1636 | D:3      | Noticed Darkins's ghost (amateur HuGl)
  2100 | D:4      | Noticed Edmund
  2118 | D:4      | HP: 1/40 [something (9)]
  2119 | D:4      | Mangled by Edmund

Skill      XL: |  1  2  3 |
---------------+----------+-----
Stealth        | 1 |  1.3
Fighting       | 4 |  4.1
Axes           | |  2.6
Dodging        | |  2.9
Invocations    | |  2.3

Action                   |  1- 3 |  4- 6 || total
-------------------------+-------+-------++-------
Melee: Hand axe          |    88 |    32 ||   120
       Tailslap          |     4 |     2 ||     6
Invok: Depart the Abyss  |     1 |       ||     1
  Use: Scroll            |     3 |     2 ||     5
 Stab: Sleeping          |     1 |       ||     1
  Eat: Chunk             |     2 |     2 ||     4
Armor: Skin              |    26 |    19 ||    45
Dodge: Dodged            |    89 |    30 ||   119
